 Seeded DCSS version 0.31-a0-237-g2d982f9f85 (webtiles) character file.

Game seed: 17534068631569876614 (custom seed)

40 innerfire43 the Ducker (level 3, -6/29 HPs)
             Began as a Demonspawn Monk on July 11, 2023.
             Mangled by Terence
             ... wielding a +0 heavy falchion
              (13 damage)
             ... on level 2 of the Dungeon.
             The game lasted 00:00:55 (930 turns).

innerfire43 the Ducker (Demonspawn Monk)             Turns: 930, Time: 00:00:56

Health: -6/29      AC:  2    Str: 13    XL:     3   Next: 30%
Magic:  3/3        EV: 13    Int: 11    God:
Gold:   55         SH:  0    Dex: 15    Spells: 2/2 levels left

rFire   . . .        a - +0 mace
rCold   . . .        d - orb {light}
rNeg    . . .        b - +0 robe
rPois   .            (no helmet)
rElec   .            (no cloak)
rCorr   .            (no gloves)
SInv    +            (no boots)
Will    .....        (no amulet)
Stlth   +            f - ring of see invisible
HPRegen 0.24/turn    (no ring)
MPRegen 0.08/turn

%: no passive effects
@: glowing
A: demonic magic 1
a: no special abilities


You were on level 2 of the Dungeon.
You visited 1 branch of the dungeon, and saw 2 of its levels.

You collected 55 gold pieces.

Inventory:

Hand Weapons
 a - a +0 mace (weapon)
Armour
 b - a +0 robe (worn)
 d - an orb of light (worn)
 j - a +0 tower shield
Jewellery
 f - a ring of see invisible (left hand)
 m - an amulet of the acrobat
Scrolls
 e - 3 scrolls of amnesia {unknown}
 g - 4 scrolls of identify {unknown}
 h - 2 scrolls of immolation {unknown}
 k - a scroll of noise {unknown}
Potions
 i - 2 potions of haste {unknown}
 l - a potion of curing {unknown}
 n - a potion of attraction {unknown}
 o - a potion of lignification {unknown}
 p - a potion of invisibility {unknown}
 q - 2 potions of heal wounds {unknown}


   Skills:
 - Level 3.0 Fighting
 + Level 3.2 Maces & Flails
 * Level 0.5 Armour
 + Level 3.2 Dodging
 * Level 0.5 Shields


You had 2 spell levels left.
You didn't know any spells.
Your spell library was empty.

Dungeon Overview and Level Annotations

Branches:
Dungeon (2/15)

Altars:

Annotations:
D:2 Terence


Innate Abilities, Weirdness & Mutations

Spells you cast may paralyse adjacent enemies.


Message History

No target in view!
q - 2 sapphire potions No target in view!
Terence and a frilled lizard come into view.
Terence is wielding a +0 heavy falchion.
Found 6 stones.
Terence shouts!
There are monsters nearby!
There are monsters nearby!
Terence screams, "I'm going to kill you!"
Terence misses you. The frilled lizard bites you.
There are monsters nearby!
You hit Terence but do no damage. The frilled lizard closely misses you.
Terence hits you with a +0 heavy falchion!
You are confused.
You feel invigorated. The frilled lizard bites you.
You're too confused to move!
Terence closely misses you. The frilled lizard misses you.
You feel less invigorated.
You feel less confused.
You hit the frilled lizard.
You kill the frilled lizard!
Terence completely misses you.
Terence hits you with a +0 heavy falchion.
You hit Terence but do no damage. You hit Terence but do no damage.
Terence closely misses you.
You hit Terence.
Terence is moderately wounded.
Terence misses you.
You hit Terence.
Terence is heavily wounded.
Terence hits you with a +0 heavy falchion!
You hit Terence but do no damage.
Terence is heavily wounded.
Terence hits you with a +0 heavy falchion.
* * * LOW HITPOINT WARNING * * *
You sock Terence!
Terence is almost dead.
Terence hits you with a +0 heavy falchion!
You die...

.. ### #.#####.. ###.......
#.(......### ..
##..#............# #
##.........# #....####### ..
.........#.###...........
#....###....@@#......#.#####..
#.....##.......#........###..#
###.....##....................#.
.....#...########.......>....##.
....................#...........
.................#.[#....###.#..
............#............###....
#.#.......#.............###.##
#.###.##.##......<....†.# #.##


You could see Terence.

Vanquished Creatures
  2 dart slugs
  2 endoplasms
  A giant cockroach (D:1)
  5 goblins
  3 hobgoblins (D:1)
  6 kobolds
  2 quokkas (D:1)
  2 ball pythons
  4 bats
  4 frilled lizards
  4 rats
35 creatures vanquished.

Notes
Turn   | Place    | Note
-------+----------+-------------------------------------------
     0 | D:1      | innerfire43 the Demonspawn Monk began the quest for the
                  | Orb.
     0 | D:1      | Reached XP level 1. HP: 18/18 MP: 1/1
    62 | D:1      | Gained mutation: Spells you cast may paralyse adjacent
                  | enemies. [demonic ancestry]
    62 | D:1      | Reached XP level 2. HP: 16/24 MP: 2/2
   512 | D:1      | Reached XP level 3. HP: 29/29 MP: 3/3
   915 | D:2      | Noticed Terence
   930 | D:2      | Mangled by Terence

Illustrated notes

Levels and vault maps discovered:
D:1:      shiori_arrival_maze, layout_rooms, minmay_misc_feat_diagonals,
          minmay_crystal_room
D:2:      layout_rooms, fountainhead, solitary_fountain, uniq_terence

Skill      XL: |  1 |
---------------+----+-----
Maces & Flails | 3 |  3.2
Dodging        | 3 |  3.2
Fighting       | |  3.0
Armour         | |  0.5
Shields        | |  0.5

Action                     || total
---------------------------++-------
  Melee: Mace              ||    81
    Use: Potion            ||     1
 Armour: Robe              ||     7
  Dodge: Dodged            ||    51

Table legend: (Time is in decaauts)
 A = Elapsed time spent in this place.
 B = Non-inter-level travel time spent in this place.
 C = Inter-level travel time spent in this place.
 D = Time resting spent in this place.
 E = Time spent auto-exploring this place.
 F = Levels seen in this place.
 G = Mean time per level.
                   A        B        C        D        E       F      G
               +--------+--------+--------+--------+--------+-----+--------+
         Total |    950 |    939 |     11 |      0 |    730 |   2 |  475.0 |
       Dungeon |    950 |    939 |     11 |      0 |    730 |   2 |  475.0 |
               +--------+--------+--------+--------+--------+-----+--------+

Top non-repeatable levels by time:
     D:1: 606 daAuts
     D:2: 344 daAuts
